 Dungeon Crawl Stone Soup version 0.29.1-15-g9cfb28693d (webtiles) character file.

Game seed: 12976626731165243977

987 Coltbek the Cleaver (level 8, -6/52 HPs)
             Began as a Formicid Berserker on Mar 20, 2023.
             Was an Initiate of Ru.
             Mangled by a polar bear (10 damage)
             ... created by the rage of Trog
             ... on level 10 of the Dungeon.
             The game lasted 00:25:01 (6848 turns).

Coltbek the Cleaver (Formicid Berserker)            Turns: 6848, Time: 00:25:05

Health: -6/52      AC:  8    Str: 23    XL:     8   Next: 41%
Magic:  0/8        EV: 10    Int:  8    God:    Ru [......]
Gold:   221        SH:  7    Dex: 13    Spells: 7/7 levels left

rFire   . . .      SeeInvis +   u - +0 war axe
rCold   . . .      Faith    .   s - +2 buckler
rNeg    . . .      Spirit   +   q - +0 scale mail
rPois   .          Reflect  .   (helmet unavailable)
rElec   .          Harm     .   (no cloak)
rCorr   .          Rampage  .   A - +0 pair of gloves
Will    .....      Clarity  +   j - +0 pair of boots
Stlth   ..........              v - amulet of guardian spirit
HPRegen 0.17/turn               (no ring)
MPRegen 0.11/turn               (no ring)

@: no status effects
A: permanent stasis, dig shafts and tunnels, antennae 3, four strong arms,
talons 1, clarity, frail 1
a: Dig, Shaft Self, Renounce Religion


You were on level 10 of the Dungeon.
You worshipped Ru.
Ru was noncommittal.
You visited 2 branches of the dungeon, and saw 8 of its levels.

You collected 256 gold pieces.
You spent 35 gold pieces at shops.

Inventory:

Hand Weapons
 a - a +0 hand axe
 u - a +0 war axe (weapon)
Missiles
 z - a throwing net
Armour
 b - a +0 animal skin
 g - a +0 tower shield
 j - a +0 pair of boots (worn)
 q - a +0 scale mail (worn)
 s - a +2 buckler (worn)
 x - a +2 buckler
 A - a +0 pair of gloves (worn)
 B - a +0 scale mail
Jewellery
 n - a ring of magical power
 v - an amulet of guardian spirit (around neck)
 F - a ring of fire
Wands
 y - a wand of mindburst (14)
Scrolls
 d - a scroll of fear
 e - a scroll of enchant armour {unknown}
 h - a scroll of poison {unknown}
 i - a scroll of teleportation {unknown}
 k - a scroll of blinking {unknown}
 l - a scroll of amnesia {unknown}
 o - 2 scrolls of magic mapping
 r - a scroll of silence {unknown}
 t - a scroll of enchant weapon {unknown}
 w - a scroll of noise
 E - a scroll of fog {unknown}
 G - a scroll of immolation {unknown}
Potions
 c - a potion of flight {unknown}
 f - 3 potions of curing
 m - a potion of lignification {unknown}
 p - a potion of mutation
 C - a potion of degeneration {unknown}
 H - a potion of invisibility {unknown}


   Skills:
 - Level 3.4 Fighting
 * Level 8.2 Axes
 - Level 2.3 Armour
 - Level 1.9 Dodging
 + Level 6.3 Shields


You had 7 spell levels left.
You didn't know any spells.
Your spell library was empty.

Dungeon Overview and Level Annotations

Branches:
Dungeon (8/15)             Temple (1/1) D:5
   Lair: D:8-11

Altars:
Cheibriados
Dithmenos
Elyvilon
Nemelex Xobeh
Ru
Uskayaw
Vehumet
Wu Jian
Zin
The Shining One

Shops:
D:3 (

Annotations:
D:5 exclusions: oklob sapling and 1 more exclusion


Innate Abilities, Weirdness & Mutations

You cannot be hasted, slowed, berserked, paralysed or teleported.
You can dig through walls and to a lower floor.
You have a pair of large antennae on your head. (SInv)
Your four strong arms can wield two-handed weapons with a shield.
You have sharp toenails.
You possess an exceptional clarity of mind.
You are frail. (-10% HP)


Message History

You feel extremely strange.
You feel clever.
You feel your magical essence link to the dungeon's wands.
Your movement speed is average.
Your attack delay is about 1.1.
Your base attributes are Str 23, Int 8, Dex 13.
You feel extremely strange.
Your magical essence no longer links to wands of the dungeon.
You feel stupid.
Your thoughts seem clearer.
You feel frail.
Your toenails lengthen and sharpen.
You start resting.
Magic restored.
You start resting.
Trog sends monsters to punish you. 3 black bears and 2 polar bears come into view.
As you read the scroll of fear, it crumbles to dust.
You assume a fearsome visage.
The polar bear is unaffected.
The black bear is unaffected. x3; The polar bear is unaffected.
Activating: Shaft Self
Press: ? - help, Q - select action, (/) - cycle Dir - look around, f - activate Are you sure you want to shaft yourself?
The black bear rages.
The polar bear bites you! The polar bear claws you. x2
The polar bear bites you but does no damage.
The polar bear claws you.
* * * LOW HITPOINT WARNING * * *
The polar bear claws you.
* * * LOW HITPOINT WARNING * * *
You begin to dig a shaft.
You continue digging a shaft.
The polar bear bites you but does no damage.
The polar bear barely misses you.
The polar bear claws you but does no damage.
The black bear bites you.
* * * LOW HITPOINT WARNING * * *
The black bear barely misses you.
The black bear claws you but does no damage.
The black bear bites you but does no damage.
The black bear barely misses you. The black bear claws you.
* * * LOW HITPOINT WARNING * * *
The polar bear bites you!
You die...

.............
............
...........#
...........#
...........#
...........####
......h.h......
......h@h......
.......h.......
###############


You could see 2 polar bears and 3 black bears.

Vanquished Creatures
  Sigmund (D:4)
  An ice beast (D:5)
  A black bear (D:4)
  An ogre (D:5)
  2 phantoms (D:5)
  A bullfrog (D:8)
  A hound (D:4)
  A jelly (D:5)
  A gnoll bouda (D:5)
  An orc priest (D:3)
  An iguana (D:5)
  An orc wizard (D:3)
  5 gnolls (D:5)
  3 adders
  A shadow imp (D:5)
  2 ufetubi (D:4)
  A worm (D:2)
  5 orcs
  6 ball pythons
  5 endoplasms
  3 giant cockroaches
  5 goblins
  10 hobgoblins
  8 kobolds
  4 quokkas
  6 bats
  9 rats
86 creatures vanquished.

Vanquished Creatures (others)
  4 plants (D:5)
4 creatures vanquished.

Grand Total: 90 creatures vanquished

Notes
Turn   | Place    | Note
-------+----------+-------------------------------------------
     0 | D:1      | Coltbek the Formicid Berserker began the quest for the Orb.
     0 | D:1      | Reached XP level 1. HP: 18/18 MP: 1/1
   191 | D:1      | Reached XP level 2. HP: 20/24 MP: 2/2
  1204 | D:1      | Reached XP level 3. HP: 28/29 MP: 3/3
  1671 | D:2      | Reached skill level 4 in Axes
  1970 | D:2      | Reached skill level 1 in Shields
  2160 | D:2      | Reached ** piety under Trog
  2226 | D:2      | Reached XP level 4. HP: 30/35 MP: 2/4
  3579 | D:3      | Reached XP level 5. HP: 27/41 MP: 2/5
  3802 | D:3      | Reached skill level 5 in Axes
  4143 | D:3      | Found Iter's Weapon Boutique.
  4153 | D:3      | Bought a +0 war axe for 35 gold pieces
  4431 | D:4      | Noticed a black bear
  4439 | D:4      | Killed a black bear
  4440 | D:4      | Reached XP level 6. HP: 30/47 MP: 6/6
  4685 | D:4      | Found a glowing silver altar of Zin.
  4730 | D:4      | Noticed Sigmund
  4746 | D:4      | Killed Sigmund
  4747 | D:4      | Reached skill level 6 in Axes
  4747 | D:4      | Reached XP level 7. HP: 52/52 MP: 7/7
  5492 | D:5      | Entered Level 5 of the Dungeon
  5567 | D:5      | Reached skill level 5 in Shields
  5712 | D:5      | Reached skill level 7 in Axes
  5759 | D:5      | Found a staircase to the Ecumenical Temple.
  5898 | Temple   | Entered the Ecumenical Temple
  6051 | Temple   | Fell from the grace of Trog
  6051 | Temple   | Became a worshipper of Ru the Awakened
  6200 | D:5      | Reached XP level 8. HP: 50/58 MP: 8/8
  6299 | D:5      | Reached skill level 8 in Axes
  6667 | D:5      | Noticed a polar bear
  6667 | D:5      | Noticed a polar bear
  6667 | D:5      | Noticed a polar bear
  6672 | D:5      | You fall into a shaft and drop 3 floors!
  6711 | D:8      | Noticed a polar bear
  6711 | D:8      | Noticed a polar bear
  6711 | D:8      | Noticed a polar bear
  6714 | D:8      | You fall into a shaft and drop 2 floors!
  6714 | D:10     | Entered Level 10 of the Dungeon
  6718 | D:10     | Gained mutation: Your mind is acute. (Int +4, Str/Dex -1)
                  | [potion of mutation]
  6718 | D:10     | Gained mutation: You expend magic power (3 MP) to
                  | strengthen your wands. [potion of mutation]
  6719 | D:10     | Lost mutation: You expend magic power (3 MP) to strengthen
                  | your wands. [potion of mutation]
  6719 | D:10     | Lost mutation: Your mind is acute. (Int +4, Str/Dex -1)
                  | [potion of mutation]
  6719 | D:10     | Gained mutation: You possess an exceptional clarity of
                  | mind. [potion of mutation]
  6719 | D:10     | Gained mutation: You are frail. (-10% HP) [potion of
                  | mutation]
  6719 | D:10     | Gained mutation: You have sharp toenails. [potion of
                  | mutation]
  6846 | D:10     | Noticed a polar bear
  6846 | D:10     | Noticed a polar bear
  6848 | D:10     | Mangled by a polar bear

Illustrated notes

Levels and vault maps discovered:
D:1:      lightli_arrival_statuegarden, layout_basic
D:2:      layout_loops_ring
D:3:      layout_loops_ring, serial_shops, shop, grunt_ministairs_8
D:4:      layout_basic, mainiacjoe_overflow_brackets, patterned_corridor,
          uniq_sigmund
D:5:      layout_basic, tgw_sif, minmay_temple_entry_oklob,
          chequers_serial_rivers_micro_c, fountainhead
D:8:      layout_basic, hangedman_abyss_or_decor_stagger, uniq_grum,
          uniq_prince_ribbit1, uniq_maurice, uniq_gastronok
D:10:     layout_long_grid, erik_lair_island, orc_0_dummy, uniq_nergalle
Temple:   nicolae_temple_bog_church

Skill      XL: |  1  2  3  4  5  6  7  8 |
---------------+-------------------------+-----
Axes           | 4 5 6 7 8 |  8.2
Shields        | 1 2 3 4 5 6 |  6.3
Fighting       | |  3.4
Armour         | |  2.3
Dodging        | |  1.9

Action                   |  1- 3 |  4- 6 |  7- 9 || total
-------------------------+-------+-------+-------++-------
Melee: Hand axe          |   126 |    64 |       ||   190
       War axe           |       |    27 |   129 ||   156
 Abil: Shaft Self        |       |       |     3 ||     3
Evoke: Wand              |       |     1 |       ||     1
  Use: Scroll            |       |     3 |     4 ||     7
       Potion            |       |     2 |     3 ||     5
 Stab: Sleeping          |     1 |       |       ||     1
Armor: Animal skin       |    28 |       |       ||    28
       Scale mail        |    16 |    31 |    57 ||   104
Dodge: Dodged            |    94 |    38 |    49 ||   181
Block: Buckler           |    10 |    23 |    45 ||    78
